 Dungeon Crawl Stone Soup version 0.21.1-1-g345015f (webtiles) character file.

1306 kaesh the Cudgeler (level 8, -4/80 HPs)
             Began as a Troll Monk on Feb 25, 2018.
             Was a Priest of the Shining One.
             Slain by an orc warrior
             ... wielding a +1 dire flail of draining
              (10 damage)
             ... on level 6 of the Dungeon.
             The game lasted 00:18:10 (4493 turns).

kaesh the Cudgeler (Troll Monk)                     Turns: 4493, Time: 00:18:11

Health: -4/80      AC:  7    Str: 21 (22) XL:     8   Next: 32%
Magic:  9/9        EV: 10    Int:  8      God:    the Shining One [***...]
Gold:   400        SH:  0    Dex:  8 (12) Spells: 7/7 levels left

rFire    . . .     SeeInvis .   o - +5 club
rCold    . . .     Gourm    +   (no shield)
rNeg     + . .     Faith    .   b - +1 robe
rPois    .         Spirit   .   (helmet restricted)
rElec    .         Reflect  .   (no cloak)
rCorr    +         Harm     .   (gloves unavailable)
MR       .....                  (boots unavailable)
Stlth    +.........             (no amulet)
HPRegen  0.63/turn              j - +1 ring of protection
MPRegen  0.11/turn              g - ring of resist corrosion

@: glowing, heavily drained
A: large, unfitting armour, claws 3, clever 1, deterioration 1, fast metabolism
3, gourmand, regeneration 1, shaggy fur 1, tough skin 2
a: Divine Shield, Renounce Religion


You were on level 6 of the Dungeon.
You worshipped the Shining One.
The Shining One was most pleased with you.
You were very full.

You visited 1 branch of the dungeon, and saw 6 of its levels.

You collected 400 gold pieces.

Inventory:

Hand Weapons
 o - a +5 club (weapon)
 r - a +0 giant club
 s - a +1 whip of electrocution
Armour
 b - a +1 robe (worn)
 v - a +0 robe of cold resistance
Jewellery
 g - a ring of resist corrosion (right claw)
 i - an uncursed ring of fire
 j - a +1 ring of protection (left claw)
Wands
 m - a wand of digging (24)
Scrolls
 d - 3 scrolls of remove curse
 e - 5 scrolls of teleportation
 f - 3 scrolls of immolation
 k - 2 scrolls of fear
 l - 9 scrolls of identify
 p - a scroll of enchant armour
 t - a scroll of noise {unknown}
Potions
 a - a potion of magic
 n - a potion of lignification {unknown}
 q - 3 potions of curing {unknown}
Books
 u - a book of Changes

   Spells                             Type                      Level
   a - Beastly Appendage              Transmutation                1
   b - Sticks to Snakes               Transmutation                2
   c - Spider Form                    Transmutation/Poison         3
   d - Ice Form                       Ice/Transmutation            4
   e - Blade Hands                    Transmutation                5
Comestibles
 c - 7 rations


   Skills:
 + Level 5.1(3.6) Fighting
 + Level 5.6(4.1) Maces & Flails
 + Level 5.1(3.6) Dodging
 - Level 1.0(0.0) Stealth
 + Level 3.2(1.8) Invocations


You had 7 spell levels left.
You didn't know any spells.

Dungeon Overview and Level Annotations

Branches:
Dungeon (6/15)             Temple (0/1) D:6

Altars:
Cheibriados
Gozag
Kikubaaqudgha
Okawaru
Ru
Sif Muna
Vehumet
The Shining One

Shops:
D:5 =


Innate Abilities, Weirdness & Mutations

You are too large for most types of armour.
You have claws for hands.
Your metabolism is lightning-fast.
You like to eat raw meat.
Your natural rate of healing is unusually fast.
You are covered in fur. (AC +1)
You have very tough skin. (AC +2)
Your mind is acute. (Int +2)
Your body sometimes deteriorates upon taking damage.


Message History

The orc warrior is almost dead.
The orc warrior misses you. The crimson imp closely misses you.
You hit the orc warrior.
The orc warrior is almost dead.
The crimson imp hits you.
* * * LOW HITPOINT WARNING * * *
The orc warrior hits you with a dire flail of draining.
* * * LOW HITPOINT WARNING * * *
You partially resist.
You feel drained.
You hit the orc warrior but do no damage.
The orc warrior is almost dead.
The crimson imp blinks!
The orc warrior hits you with a dire flail of draining!
* * * LOW HITPOINT WARNING * * *
You partially resist.
You feel drained.
* * * LOW HITPOINT WARNING * * *
You barely miss the orc warrior.
The orc warrior is almost dead.
The orc warrior hits you with a dire flail of draining!
You die...

##.....##....
..................(#....
..........).............
.........#...........###
.........5.........##
...⌠.≈............###
#...≈≈≈≈≈...........
#†o§≈≈≈............
##.@≈≈≈≈≈...........
#.%.≈≈≈.......#.....
#...≈......#..##....
#._≈....⌠..#..###...
#....##...###.####..
########..# #..# ##.
....# ##.####. ######
##...... ##.#.####


You could see an orc warrior and a crimson imp.

Vanquished Creatures
  Grinder (D:3)
  Eustachio (D:6)
  The ghost of jazmu the Skirmisher, an amateur FoHu (D:3)
  A sky beast (D:3)
  An ogre (D:6)
  Blork the orc (D:6)
  A howler monkey (D:4)
  2 crimson imps
  A gnoll shaman (D:6)
  A bullfrog skeleton (D:4)
  A hound (D:5)
  Ijyb (D:3)
  4 orc wizards
  Robin (D:3)
  11 adders
  5 gnolls (D:6)
  2 shadow imps (D:5)
  An adder zombie (D:6)
  2 worms (D:2)
  A dart slug (D:1)
  4 leopard geckos
  16 orcs
  9 bats
  2 giant cockroaches
  13 goblins
  10 hobgoblins
  3 jackals
  A ball python (D:4)
  A frilled lizard (D:3)
  3 kobolds (D:3)
  A leopard gecko zombie (D:5)
  10 rats
113 creatures vanquished.

Vanquished Creatures (others)
  A plant (D:5)
1 creature vanquished.

Grand Total: 114 creatures vanquished

Notes
Turn   | Place    | Note
-------+----------+-------------------------------------------
     0 | D:1      | kaesh the Troll Monk began the quest for the Orb.
     0 | D:1      | Reached XP level 1. HP: 22/22 MP: 0/0
   146 | D:1      | Reached XP level 2. HP: 29/29 MP: 1/1
   634 | D:2      | Found a snail-covered altar of Cheibriados.
   706 | D:2      | Reached XP level 3. HP: 10/36 MP: 2/2
   847 | D:2      | Found a radiant altar of Vehumet.
   988 | D:2      | Found an iron altar of Okawaru.
  1128 | D:2      | Found a glowing golden altar of the Shining One.
  1142 | D:2      | Became a worshipper of the Shining One
  1142 | D:2      | Reached * piety under the Shining One
  1142 | D:2      | Reached ** piety under the Shining One
  1166 | D:3      | Noticed jazmu's ghost (amateur FoHu)
  1218 | D:3      | Noticed a sky beast
  1236 | D:3      | Killed a sky beast
  1236 | D:3      | Reached XP level 4. HP: 19/45 MP: 3/3
  1236 | D:3      | Reached XP level 5. HP: 22/53 MP: 4/4
  1296 | D:3      | Found a sacrificial altar of Ru.
  1569 | D:3      | Noticed Grinder
  1602 | D:3      | Killed Grinder
  1602 | D:3      | Reached XP level 6. HP: 24/62 MP: 5/5
  1911 | D:3      | Noticed Robin
  1966 | D:3      | Killed jazmu's ghost
  1966 | D:3      | Reached skill level 1 in Invocations
  1966 | D:3      | Reached XP level 7. HP: 55/70 MP: 3/6
  2048 | D:3      | Killed Robin
  2211 | D:3      | Noticed Ijyb
  2220 | D:3      | Killed Ijyb
  3063 | D:4      | Reached skill level 5 in Maces & Flails
  3213 | D:4      | Found a deep blue altar of Sif Muna.
  3277 | D:5      | Entered Level 5 of the Dungeon
  3306 | D:5      | Found Woicopt's Jewellery Shoppe.
  3427 | D:5      | Found a snail-covered altar of Cheibriados.
  3456 | D:5      | Reached *** piety under the Shining One
  3636 | D:5      | Gained mutation: Your body sometimes deteriorates upon taking damage. [potion of mutation]
  3636 | D:5      | Gained mutation: Your mind is acute. (Int +2) [potion of mutation]
  3871 | D:6      | Found an opulent altar of Gozag.
  4004 | D:6      | Reached XP level 8. HP: 63/79 MP: 7/9
  4152 | D:6      | Found Qeotanol's Antique Weapon Emporium.
  4244 | D:6      | Noticed Blork the orc
  4256 | D:6      | Killed Blork the orc
  4299 | D:6      | Noticed Eustachio
  4315 | D:6      | Killed Eustachio
  4315 | D:6      | Reached skill level 5 in Fighting
  4315 | D:6      | Reached skill level 5 in Dodging
  4373 | D:6      | Found a staircase to the Ecumenical Temple.
  4454 | D:6      | Found an ancient bone altar of Kikubaaqudgha.
  4493 | D:6      | Slain by an orc warrior

Skill      XL: |  1  2  3  4  5  6  7  8 |
---------------+-------------------------+-----
Maces & Flails | 3 4 5 |  5.6
Fighting       | 3 4 5 |  5.1
Dodging        | 3 4 5 |  5.1
Invocations    | 1 2 3 |  3.2
Stealth        | |  1.0

Action                   |  1- 3 |  4- 6 |  7- 9 || total
-------------------------+-------+-------+-------++-------
Melee: Mace              |   126 |    96 |    20 ||   242
       Club              |       |       |   212 ||   212
Invok: Divine Shield     |       |     1 |       ||     1
  Use: Scroll            |     5 |     2 |     1 ||     8
       Potion            |     2 |     1 |     2 ||     5
 Stab: Sleeping          |     3 |       |       ||     3
  Eat: Chunk             |    17 |     4 |    26 ||    47
Armor: Robe              |    51 |    23 |    74 ||   148
Dodge: Dodged            |    73 |    62 |   162 ||   297
